 Dungeon Crawl Stone Soup version 0.19-a0-1493-gd0fcaa6 (webtiles) character file.

5286 roguesci the Placeless Human (level 10, -11/71 HPs)
             Began as a Human Warper on Sept 9, 2016.
             Was a Priest of Okawaru.
             Mangled by a hill giant
             ... wielding a +0 giant spiked club
              (23 damage)
             ... on level 8 of the Dungeon.
             The game lasted 01:03:54 (16512 turns).

roguesci the Placeless Human (Human Warper)        Turns: 16512, Time: 01:03:56

Health: -11/71     AC: 22    Str: 13    XL:     10   Next: 94%
Magic:  16/19      EV:  9    Int: 11    God:    Okawaru [***...]
Gold:   329        SH:  0    Dex: 15    Spells: 5 memorised, 10 levels left

rFire  . . .     SeeInvis .     o - +0 rapier
rCold  + . .     Gourm    .     v - +0 plate armour
rNeg   . . .     Faith    .     (no shield)
rPois  .         Spirit   .     (helmet restricted)
rElec  .         Dismiss  .     K - +0 cloak
rCorr  .         Reflect  .     z - +0 pair of gloves
MR     +....     Harm     .     k - +1 pair of boots
Stlth  ..........               (no amulet)
                                L - ring of protection from magic
                                j - +5 ring of protection

@: heroism, very slightly contaminated
A: hooves 1, horns 1, cold resistance 1, dopey 1, frail 1, evolution 1,
MP-powered wands, sturdy frame 1
a: Heroism, Renounce Religion


You were on level 8 of the Dungeon.
You worshipped Okawaru.
Okawaru was most pleased with you.
You were not hungry.

You visited 2 branches of the dungeon, and saw 10 of its levels.

You collected 491 gold pieces.
You spent 162 gold pieces at shops.

Inventory:

Hand Weapons
 o - a +0 rapier (weapon)
 r - a +0 shortbow
Missiles
 e - 10 tomahawks of dispersal (quivered)
 w - 79 arrows
 R - 2 poisoned tomahawks
Armour
 b - a +0 leather armour
 k - a +1 pair of boots (worn)
 v - a +0 plate armour (worn)
 x - a +0 buckler
 z - a +0 pair of gloves (worn)
 K - a +0 cloak (worn)
 V - a +0 helmet
Jewellery
 c - an uncursed ring of magical power
 j - a +5 ring of protection (left hand)
 l - an uncursed ring of stealth
 L - a ring of protection from magic (right hand)
 Q - an uncursed ring of poison resistance
 U - a +3 ring of strength
Wands
 h - a wand of confusion (18/48)
 q - a wand of flame (35/48)
 C - a wand of confusion (12/48)
 M - a wand of polymorph (8/24)
 P - a wand of acid (7/15)
 X - a wand of iceblast (6/15)
 Y - a wand of iceblast (7/15)
Scrolls
 a - a scroll of random uselessness {unknown}
 d - a scroll of blinking
 g - 2 scrolls of teleportation
 m - 3 scrolls of recharging
 p - a scroll of identify
 t - a scroll of enchant weapon {unknown}
 y - a scroll of remove curse
 A - a scroll of immolation {unknown}
 B - a scroll of enchant armour
 G - a scroll of fear {unknown}
 J - a scroll of acquirement {unknown}
 S - a scroll of silence {unknown}
 T - a scroll of noise {unknown}
 W - 2 scrolls of magic mapping {unknown}
Potions
 i - a potion of cancellation
 n - 4 potions of brilliance
 u - 2 potions of resistance
 D - a potion of heal wounds
 H - a potion of curing
 I - a potion of lignification
Books
 O - a book of Fire

   Spells                             Type                      Level
   a - Ignite Poison                  Fire/Transmutation/Poison    3
   b - Fireball                       Conjuration/Fire             5
   c - Bolt of Fire                   Conjuration/Fire             6
   d - Delayed Fireball               Conjuration/Fire             7
   e - Ring of Flames                 Charms/Fire                  7
Comestibles
 f - 2 bread rations
 s - 4 meat rations


   Skills:
 * Level 7.5(12.5) Fighting
   Level 5.8(10.8) Long Blades
 - Level 1.0(6.0) Throwing
 - Level 1.0(6.0) Armour
 * Level 7.3(12.3) Dodging
 + Level 6.5 Spellcasting
 * Level 8.3 Translocations


You had 10 spell levels left.
You knew the following spells:

 Your Spells              Type           Power        Failure   Level  Hunger
a - Apportation           Tloc           ###.......   21%         1    None
b - Shroud of Golubria    Chrm/Tloc      ##........   99%         2    ##.....
c - Blink                 Tloc           N/A          34%         2    ##.....
d - Passage of Golubria   Tloc           N/A          99%         4    ####...
e - Teleport Other        Tloc           ###.....     67%         3    ###....


Dungeon Overview and Level Annotations

Branches:
Dungeon (9/15)             Temple (1/1) D:4
   Lair: D:8-11         Orc: D:9-12

Altars:
Ashenzari
Cheibriados
Dithmenos
Elyvilon
Fedhas
Gozag
Hepliaklqana
Kikubaaqudgha
Makhleb
Nemelex Xobeh
Okawaru
Qazlal
Ru
Sif Muna
Trog
Uskayaw
Vehumet
Xom
Yredelemnul
Zin
The Shining One

Shops:
D:4 ?*:(   D:7 [


Innate Abilities, Weirdness & Mutations

You have large cloven feet.
You have a pair of small horns on your head.
Your flesh is cold resistant. (rC+)
You are dopey. (Int -2)
You are frail. (-10% HP)
You evolve.
You expend magic power (3 MP) to strengthen your wands.
Your movements are slightly less encumbered by armour. (ER -2)


Message History

You hit the hill giant.
The hill giant is heavily wounded.
You puncture the hill giant! You headbutt the hill giant.
The hill giant is severely wounded.
The hill giant hits you with a giant spiked club.
Your plate armour prevents you from hitting the hill giant.
The hill giant is severely wounded.
You hit the hill giant but do no damage.
The hill giant is severely wounded.
The hill giant hits you with a giant spiked club!!
* * * LOW HITPOINT WARNING * * *
You barely miss the hill giant.
The hill giant is severely wounded.
Casting: Teleport Other
Confirm with . or Enter, or press ? or * to list all spells.
You miscast Blink.
You are very lightly contaminated with residual magic.
You feel a wrenching sensation.
The hill giant hits you with a giant spiked club!!
You die...

.#####.###....##.###.#
.......###....##.# #.#
.#####.##.....(..###.#
.# #.............#.#
.# ####........#.#.#
.# #..........#..#.#
.# #.###.[...###.#.#
.# #.# #.#.#.C#.##.#
.#####.###.#.#.#@#.#.#
.##........#....#....#
.##.......####>#.#.###
.##.......# #.#.#.#
.##.......####.#.#.#
.##............#.#.#
.##.......######.#.#
...........# ##)#.#
####.#.#.#.####.#..#


You could see a hill giant.

Vanquished Creatures
  2 yaks (D:8)
  A wyvern (D:8)
  The ghost of Roxy the Skirmisher, an amateur DsMo (D:3)
  Menkaure (D:5)
  2 hippogriffs
  A water moccasin (D:8)
  Duvessa (D:4)
  A black bear (D:6)
  An ice beast (D:9)
  6 ogres
  5 sky beasts
  2 centaurs (D:7)
  A crocodile (D:9)
  2 big kobolds
  12 giant frogs
  A gnoll sergeant (D:9)
  Dowan (D:4)
  2 scorpions
  A howler monkey (D:8)
  5 wights (D:7)
  A giant frog zombie (D:9)
  A centaur zombie (D:9)
  2 crimson imps
  3 jellies
  2 hounds
  3 orc priests
  8 orc wizards
  4 centaur skeletons
  Jessica (D:3)
  3 iguanas
  7 worker ants
  A killer bee zombie (D:6)
  2 hound skeletons
  A worker ant zombie (D:7)
  8 gnolls
  9 adders
  A howler monkey skeleton (D:4)
  2 shadow imps
  2 oozes
  An adder skeleton (D:7)
  2 worms
  3 dart slugs
  11 giant geckos
  31 orcs
  2 ball pythons
  11 giant cockroaches
  8 goblins
  7 hobgoblins
  19 jackals
  2 quokkas
  A ball python skeleton (D:5)
  4 bats (D:1)
  8 giant newts
  A jackal skeleton (D:4)
  17 kobolds
  A quokka skeleton (D:5)
  6 rats
245 creatures vanquished.

Notes
Turn   | Place    | Note
-------+----------+-------------------------------------------
     0 | D:1      | roguesci the Human Warper began the quest for the Orb.
     0 | D:1      | Reached XP level 1. HP: 16/16 MP: 3/3
   139 | D:1      | Reached XP level 2. HP: 21/22 MP: 5/5
   146 | D:1      | Learned a level 2 spell: Shroud of Golubria
   443 | D:1      | Reached XP level 3. HP: 27/27 MP: 6/6
   898 | D:1      | Learned a level 2 spell: Blink
   966 | D:2      | Reached XP level 4. HP: 31/34 MP: 7/7
  1096 | D:2      | Found a faded altar of an unknown god.
  1426 | D:2      | Became a worshipper of Elyvilon the Healer
  1426 | D:2      | Reached * piety under Elyvilon
  1689 | D:3      | Noticed Roxy's ghost (amateur DsMo)
  2033 | D:5      | Entered Level 5 of the Dungeon
  2101 | D:4      | Noticed Duvessa
  2105 | D:4      | Noticed Dowan
  2210 | D:3      | Reached XP level 5. HP: 35/39 MP: 6/9
  2750 | D:3      | Noticed Jessica
  2793 | D:3      | Killed Jessica
  2856 | D:3      | Reached ** piety under Elyvilon
  2903 | D:3      | Reached skill level 4 in Translocations
  2964 | D:3      | Killed Roxy's ghost
  2964 | D:3      | Reached XP level 6. HP: 39/47 MP: 6/11
  3571 | D:4      | Reached XP level 7. HP: 27/52 MP: 10/12
  3843 | D:4      | Found Lint's Book Emporium.
  3881 | D:4      | Killed Dowan
  4145 | D:4      | Killed Duvessa
  4370 | D:4      | Found Henwi Mupt's Assorted Antiques.
  4383 | D:4      | Found Dirraef's Magic Scroll Boutique.
  4392 | D:4      | Bought a scroll of blinking for 97 gold pieces
  4392 | D:4      | Bought a scroll of identify for 26 gold pieces
  4392 | D:4      | Bought a scroll of remove curse for 39 gold pieces
  4515 | D:4      | Found a staircase to the Ecumenical Temple.
  4524 | Temple   | Entered the Ecumenical Temple
  4571 | Temple   | Reached *** piety under Elyvilon
  4733 | Temple   | Fell from the grace of Elyvilon
  4733 | Temple   | Became a worshipper of Warmaster Okawaru
  5120 | D:4      | Reached skill level 5 in Translocations
  5280 | D:4      | Reached XP level 8. HP: 39/59 MP: 12/14
  5291 | D:4      | Found Ekkiphox's Antique Weapon Shoppe.
  5736 | D:5      | Gained mutation: You have an increased reservoir of magic. (+10% MP) [mutagenic meat]
  5739 | D:5      | Gained mutation: You evolve. [mutagenic meat]
  5742 | D:5      | Gained mutation: You have a pair of small horns on your head. [mutagenic meat]
  5745 | D:5      | Gained mutation: You are clumsy. (Dex -2) [mutagenic meat]
  5982 | D:5      | Learned a level 4 spell: Passage of Golubria
  5986 | D:5      | Learned a level 3 spell: Teleport Other
  6471 | D:5      | Reached skill level 5 in Long Blades
  6479 | D:5      | Gained mutation: Your flesh is cold resistant. (rC+) [evolution]
  6814 | D:5      | Reached * piety under Okawaru
  6871 | D:6      | Noticed Menkaure
  6895 | D:5      | Killed Menkaure
  7593 | D:6      | Reached XP level 9. HP: 65/65 MP: 18/18
  7605 | D:6      | Reached skill level 5 in Spellcasting
  7652 | D:6      | Reached skill level 6 in Translocations
  8116 | D:6      | Reached skill level 5 in Fighting
  8603 | D:7      | Reached ** piety under Okawaru
  8763 | D:7      | Found Kibrul's Antique Armour Boutique.
  8950 | D:7      | Reached skill level 5 in Dodging
  9739 | D:7      | Gained mutation: You are dopey. (Int -2) [mutagenic meat]
  9756 | D:7      | Gained mutation: Armour fits poorly on your strangely shaped body. [potion of mutation]
  9756 | D:7      | Gained mutation: Your system is resistant to poisons. (rPois) [potion of mutation]
  9757 | D:7      | Lost mutation: Armour fits poorly on your strangely shaped body. [potion of cure mutation]
  9757 | D:7      | Lost mutation: You are dopey. (Int -2) [potion of cure mutation]
  9757 | D:7      | Lost mutation: You evolve. [potion of cure mutation]
  9757 | D:7      | Lost mutation: You are clumsy. (Dex -2) [potion of cure mutation]
  9757 | D:7      | Lost mutation: You have a pair of small horns on your head. [potion of cure mutation]
  9757 | D:7      | Lost mutation: Your system is resistant to poisons. (rPois) [potion of cure mutation]
 10441 | D:7      | Reached XP level 10. HP: 63/76 MP: 20/20
 10556 | D:7      | Reached skill level 7 in Translocations
 11099 | D:8      | Gained mutation: You are dopey. (Int -2) [mutagenic meat]
 11105 | D:8      | Gained mutation: Your movements are slightly less encumbered by armour. (ER -2) [mutagenic meat]
 11108 | D:8      | Gained mutation: You expend magic power (3 MP) to strengthen your wands. [mutagenic meat]
 11111 | D:8      | Gained mutation: You evolve. [mutagenic meat]
 11348 | D:7      | Gained mutation: You have large cloven feet. [evolution]
 11592 | D:7      | Reached *** piety under Okawaru
 11899 | D:8      | Lost mutation: You have an increased reservoir of magic. (+10% MP) [mutagenic meat]
 12812 | D:9      | Noticed a hill giant
 13315 | D:8      | Received a gift from Okawaru
 13846 | D:8      | Gained mutation: You are frail. (-10% HP) [evolution]
 13873 | D:8      | Reached skill level 8 in Translocations
 16228 | D:8      | Gained mutation: You have a pair of small horns on your head. [potion of beneficial mutation]
 16512 | D:8      | Mangled by a hill giant

Vault maps used:
D:1:      lightli_arrival_farm, st_stairs_11
D:2:      ecumenical_altar_2, lightli_corner_chamber
D:3:      uniq_jessica
D:4:      serial_shops, shop, shop, shop, nicolae_shop_waterfront,
          gup_sewer_entry_pipe, uniq_duvessa
D:5:      first_bread
D:6:      uniq_menkaure
D:7:      serial_shops, nicolae_shop_stone, kennysheep_boxes
Temple:   minmay_crystal_snake_temple

Skill      XL: |  1  2  3  4  5  6  7  8  9 10 |
---------------+-------------------------------+-----
Spellcasting   | 3 4 5 6 |  6.5
Long Blades    | 3 4 5 |  5.8
Translocations | 4 5 6 8 |  8.3
Fighting       | 3 4 6 7 |  7.5
Dodging        | 3 4 5 7 |  7.3
Throwing       | |  1.0
Armour         | |  1.0

Action                   |  1- 3 |  4- 6 |  7- 9 | 10-12 || total
-------------------------+-------+-------+-------+-------++-------
Melee: Falchion          |   118 |   235 |       |       ||   353
       Rapier            |       |    45 |   703 |   723 ||  1471
       Headbutt          |       |       |    65 |     3 ||    68
       Punch             |       |       |     1 |     2 ||     3
 Fire: Shortbow          |       |       |       |    26 ||    26
 Cast: Shroud of Golubri |     1 |    13 |    17 |    20 ||    51
       Blink             |       |     2 |     1 |     9 ||    12
       Teleport Other    |       |       |       |     7 ||     7
Invok: Lesser Healing    |       |       |     1 |       ||     1
       Heroism           |       |       |     1 |     5 ||     6
  Use: Potion            |       |     7 |     9 |     5 ||    21
       Scroll            |       |       |     1 |    13 ||    14
 Stab: Sleeping          |     1 |     3 |     1 |       ||     5
  Eat: Chunk             |       |     6 |    16 |    11 ||    33
       Meat ration       |       |     1 |     1 |     1 ||     3
       Fruit             |       |       |     4 |       ||     4
       Pizza             |       |       |     2 |       ||     2
       Bread ration      |       |       |     1 |     3 ||     4
Armor: Leather armour    |    36 |    96 |   246 |   236 ||   614
       Skin              |       |    32 |    18 |       ||    50
       Plate armour      |       |       |       |     2 ||     2
Dodge: Dodged            |    73 |   148 |   463 |   594 ||  1278
